 Dungeon Crawl Stone Soup version 0.29-a0-334-gb41bcbb86e (webtiles) character file.

Game seed: 7391051251478805248

56419 Dauddaud the Warrior (level 14, -1/158 HPs)
             Began as a Minotaur Berserker on Apr 15, 2022.
             Was an Elder of Trog.
             Slain by an orc warlord
             ... wielding a +1 long sword of electrocution
              (8 damage)
             ... on level 1 of the Orcish Mines.
             The game lasted 01:31:17 (22777 turns).

Dauddaud the Warrior (Minotaur Berserker)          Turns: 22777, Time: 01:31:18

Health: -1/158     AC: 26    Str: 32    XL:     14   Next: 42%
Magic:  4/4        EV:  9    Int:  4    God:    Trog [****..]
Gold:   1333       SH:  0    Dex:  9    Spells: 13/13 levels left

rFire   . . .      SeeInvis .   Z - +4 dire flail (antimagic)
rCold   . . .      Faith    +   (shield currently unavailable)
rNeg    + . .      Spirit   .   b - +0 plate armour
rPois   .          Reflect  .   (helmet restricted)
rElec   .          Harm     .   l - +1 cloak
rCorr   .          Rampage  .   (no gloves)
Will    +++..                   H - +2 pair of boots
Stlth   ..........              u - amulet of faith
HPRegen 1.36/turn               P - +6 ring of strength
MPRegen 0.09/turn               L - ring "Orem" {rN+ AC+4}

@: about to teleport, strong-willed, on berserk cooldown, regenerating, slowed,
very slow
A: horns 2, retaliatory headbutt, robust 1, weak 1
a: Renounce Religion, Berserk, Trog's Hand, Brothers in Arms


You were on level 1 of the Orcish Mines.
You worshipped Trog.
Trog was greatly pleased with you.
You visited 2 branches of the dungeon, and saw 17 of its levels.
You also visited: Sewer and Gauntlet.

You collected 1694 gold pieces.
You spent 361 gold pieces at shops.

Inventory:

Hand Weapons
 m - a +1 flail of draining
 K - the +5 dire flail of the New World {flame, rElec Will+}
   (You found it in a Gauntlet)

   It burns those it strikes, dealing additional fire damage.
   rElec:     It insulates you from electricity.
   Will:      It increases your willpower.
 Z - a +4 antimagic dire flail (weapon)
Missiles
 s - 12 poisoned darts (quivered)
 N - a throwing net
Armour
 b - a +0 plate armour (worn)
 l - a +1 cloak (worn)
 H - a +2 pair of boots (worn)
Jewellery
 u - an amulet of faith (around neck)
 w - a ring of protection from fire
 B - a ring of protection from fire
 C - a ring of protection from cold
 E - a +4 ring of evasion
 L - the ring "Orem" (right hand) {rN+ AC+4}
   (You found it in a Gauntlet)

   [ring of protection]

   AC:        It affects your AC (+4).
   rN:        It protects you from negative energy.
 M - a +4 ring of protection
 O - a +4 ring of evasion
 P - a +6 ring of strength (left hand)
 S - a ring of resist corrosion
 X - a +4 ring of protection
Wands
 k - a wand of iceblast (32)
 o - a wand of polymorph (6)
 r - a wand of flame (62)
 Q - a wand of paralysis (8)
 R - a wand of acid (6)
Scrolls
 e - a scroll of torment
 f - 7 scrolls of vulnerability
 g - 4 scrolls of identify
 j - 5 scrolls of noise
 v - 2 scrolls of enchant weapon
 y - a scroll of enchant armour
 D - 4 scrolls of magic mapping
 I - a scroll of teleportation
 J - 2 scrolls of fog
 T - a scroll of holy word
 U - 3 scrolls of fear
Potions
 a - 3 potions of lignification
 c - 2 potions of might
 d - 2 potions of magic
 h - 5 potions of curing
 i - 6 potions of flight
 n - 3 potions of ambrosia
 p - 2 potions of invisibility
 t - 2 potions of resistance
 x - 2 potions of attraction {unknown}
 z - a potion of heal wounds
 A - 2 potions of mutation
 F - a potion of berserk rage {unknown}
 G - a potion of haste
Miscellaneous
 q - a condenser vane


   Skills:
 - Level 18.5 Fighting
 - Level 16.0(16.9) Axes
 - Level 9.3(14.5) Maces & Flails
 - Level 7.3(9.5) Staves
 - Level 14.4 Armour
 * Level 2.4 Dodging
 - Level 1.5 Stealth
 * Level 0.2 Evocations


You had 13 spell levels left.
You didn't know any spells.
Your spell library was empty.

Dungeon Overview and Level Annotations

Branches:
Dungeon (15/15)            Temple (0/1) D:6            Lair (0/6) D:9
    Orc (2/2) D:10            Elf (0/3) Orc:2        Vaults (0/5) D:14
 Depths (0/4) D:15          Sewer (visited)         Gauntlet (visited)

Altars:
Cheibriados
Dithmenos
Gozag
Nemelex Xobeh
Ru
Trog
The Shining One

Shops:
D:1 *::   D:4 =   D:9 *   D:11 ?   D:12 =   D:13 *   Orc:1 [   Orc:2 [


Innate Abilities, Weirdness & Mutations

You have a pair of horns on your head.
You reflexively headbutt those who attack you in melee.
You are robust. (+10% HP)
You are weak. (Str -2)


Message History

The orc priest hits you but does no damage.
The orc priest mumbles some strange prayers to Beogh against you.
Beogh smites you!
You hit the orc warlord.
The orc warlord is lightly wounded.
You barely miss the orc warlord. Your headbutt misses the orc warlord.
The orc warlord is lightly wounded.
The orc knight hits you from afar with a +2 vampiric glaive!
The orc high priest prays to Beogh.
The orc warlord roars a battlecry!
You closely miss the orc wizard. Your headbutt misses the orc wizard.
You spit the orc wizard like a pig!!!
You kill the orc wizard!
Trog accepts your kill.
Trog appreciates your killing of a magic user.
The orc warlord hits you with a +1 long sword of electrocution.
You are electrocuted!
Items here: )) [[.
You feel a strong urge to attack something.
The orc shouts!
The orc warrior shouts!
The orc knight hits you from afar with a +2 vampiric glaive!!
The orc priest hits you with a +0 mace!
There is an escape hatch in the ceiling, spattered with blood here.
A mysterious force pulls you upwards. The hatch slams shut behind you.
Reactivating autopickup.
You feel your anger nearly subside.
You are no longer berserk.
You are exhausted.
You feel yourself slow down.
As you read the scroll of teleportation, it crumbles to dust.
You feel strangely unstable. The orc priest hits you with a +0 mace.
The orc warlord hits you with a +1 long sword of electrocution!!!
* * * LOW HITPOINT WARNING * * *
The orc priest hits you with a +0 mace.
* * * LOW HITPOINT WARNING * * *
The orc warlord hits you with a +1 long sword of electrocution.
* * * LOW HITPOINT WARNING * * *
You feel much better.
The orc warlord hits you with a +1 long sword of electrocution!!
* * * LOW HITPOINT WARNING * * *
You are electrocuted!
You die...

.........#
..##..#.##
.........##
..........##
....#....#.##
.####.......#
..#.##.#...##
.....##.#.#.## ###
.............###@##
...............oo.#
.................##
..................#
..)..)..#.....#..##
..)>[)..#........##
..[)[#............#
#..[.[.....###.#.##
.#.....)....######


You could see an orc warlord (strong) and an orc priest (strong).

Vanquished Creatures
  Jorgrun (D:14)
  Azrael (D:15)
  A minotaur (Gauntlet)
  An ettin (D:14)
  Josephine (D:15)
  2 rakshasas (D:15)
  2 hydras (D:15)
  Erica (D:10)
  6 centaur warriors
  A boulder beetle (D:14)
  2 two-headed ogres (D:11)
  The ghost of Zero0 the Cleaver, a novice HOFi of Trog (D:10)
  Urug (Orc:1)
  An orc high priest (Orc:2)
  A shadow wraith (D:14)
  5 skeletal warriors (D:15)
  A fire crab (Gauntlet)
  A deep troll (shapeshifter) (D:15)
  A glowing orange brain (D:15)
  An obsidian statue (D:10)
  A wizard (D:15)
  A lindwurm (D:14)
  Pikel (D:8)
  3 deep elf pyromancers
  2 orc knights (Orc:2)
  A necromancer (D:14)
  9 ugly things
  5 cyclopes
  3 orc sorcerers (Orc:2)
  A faun (shapeshifter) (D:14)
  A spectral centaur (D:10)
  2 manticores (D:11)
  A centaur zombie (D:10)
  An ice statue (Gauntlet)
  Maggie (D:8)
  4 gargoyles
  A rime drake (Gauntlet)
  4 unseen horrors
  A kobold demonologist (D:11)
  6 trolls
  A wolf spider simulacrum (D:15)
  Prince Ribbit (D:8)
  A hornet (shapeshifter) (D:14)
  A raiju (shapeshifter) (D:15)
  6 slime creatures (D:15)
  A meliai zombie (D:10)
  6 shadows (Gauntlet)
  A centaur simulacrum (D:14)
  A wyvern (D:10)
  8 wraiths
  18 yaks
  A vampire (D:13)
  2 basilisks
  3 fire bats (Gauntlet)
  2 fire elementals
  Grum (D:8)
  2 steam dragons (D:11)
  6 vampire mosquitoes
  A harpy simulacrum (D:14)
  2 wargs (Orc:1)
  A water moccasin (D:9)
  3 hell hounds (D:15)
  2 acid dragons
  Pargi (Sewer)
  2 black bears
  17 orc warriors
  4 sky beasts
  9 ogres
  4 wolves (D:8)
  2 lemures (D:8)
  7 centaurs
  A phantom (D:4)
  3 kobold brigands
  8 bullfrogs
  2 gnoll sergeants
  3 scorpions
  10 wights
  19 killer bees
  4 howler monkeys
  5 jellies
  A gnoll shaman (D:5)
  15 orc priests
  4 hounds
  4 iguanas
  Natasha (thrice) (D:3)
  25 orc wizards
  8 gnolls (D:7)
  4 adders
  2 white imps (D:5)
  3 ufetubi
  A worm (D:4)
  103 orcs
  7 bats
  4 endoplasms
  6 giant cockroaches
  5 goblins
  6 hobgoblins
  7 jackals (D:4)
  3 quokkas
  4 ball pythons
  4 frilled lizards
  14 kobolds
  12 rats
498 creatures vanquished.

Vanquished Creatures (collateral kills)
  A hydra (D:11)
  An orc sorcerer (Orc:2)
  A meliai zombie (D:10)
  A warg (Orc:2)
  4 orc warriors (Orc:2)
  3 orc priests (Orc:2)
  2 orc wizards (Orc:2)
  4 orcs (Orc:2)
17 creatures vanquished.

Vanquished Creatures (others)
  17 fungi
  30 plants
  27 withered plants (Gauntlet)
74 creatures vanquished.

Grand Total: 589 creatures vanquished

Notes
Turn   | Place    | Note
-------+----------+-------------------------------------------
     0 | D:1      | Dauddaud the Minotaur Berserker began the quest for the
                  | Orb.
     0 | D:1      | Reached XP level 1. HP: 19/19 MP: 0/0
    21 | D:1      | Found Roro's Book Shop.
   219 | D:1      | Found Awkanol's Assorted Antiques.
   225 | D:1      | Reached XP level 2. HP: 21/26 MP: 1/1
   697 | D:1      | Found Veixaheg's Book Boutique.
   887 | D:2      | Reached ** piety under Trog
   950 | D:2      | Reached skill level 5 in Axes
   950 | D:2      | Reached XP level 3. HP: 31/31 MP: 2/2
  1245 | D:2      | Found a snail-covered altar of Cheibriados.
  1267 | D:2      | Found a faded altar of an unknown god.
  1575 | D:3      | Found a glowing drain.
  1580 | Sewer    | Entered a sewer
  1639 | Sewer    | Noticed Pargi
  1642 | Sewer    | Killed Pargi
  1643 | Sewer    | Reached skill level 1 in Stealth
  1643 | Sewer    | Reached XP level 4. HP: 39/39 MP: 3/3
  1643 | Sewer    | Reached XP level 5. HP: 45/45 MP: 4/4
  1881 | D:3      | Noticed Natasha
  1890 | D:3      | Killed Natasha
  2381 | D:3      | Noticed Natasha
  2389 | D:3      | Killed Natasha
  2618 | D:3      | Noticed Natasha
  2622 | D:3      | Killed Natasha
  3136 | D:4      | Noticed an ogre
  3139 | D:4      | Reached skill level 1 in Maces & Flails
  3139 | D:4      | Reached XP level 6. HP: 20/51 MP: 5/5
  3468 | D:4      | Reached *** piety under Trog
  3680 | D:4      | Found Koammux's One-of-a-Kind Rings.
  3692 | D:4      | Reached skill level 5 in Maces & Flails
  3693 | D:4      | Reached XP level 7. HP: 57/57 MP: 6/6
  4014 | D:5      | Entered Level 5 of the Dungeon
  4106 | D:5      | Identified the +3 ring mail of Yrphaoph {Int-2 Dex+3
                  | Slay+2}
  4118 | D:5      | Found an opulent altar of Gozag.
  4278 | D:5      | Reached **** piety under Trog
  4645 | D:5      | Found a sparkling altar of Nemelex Xobeh.
  4647 | D:5      | Found a shadowy altar of Dithmenos.
  4914 | D:5      | Reached XP level 8. HP: 64/64 MP: 7/7
  5194 | D:5      | Reached skill level 1 in Staves
  5573 | D:6      | Reached skill level 5 in Staves
  5698 | D:6      | Reached XP level 9. HP: 70/70 MP: 8/8
  5908 | D:6      | Found a staircase to the Ecumenical Temple.
  6198 | D:7      | Reached skill level 10 in Axes
  6811 | D:7      | Reached XP level 10. HP: 77/77 MP: 9/9
  6922 | D:8      | Noticed Prince Ribbit
  6934 | D:8      | Killed Prince Ribbit
  6954 | D:8      | Noticed Maggie
  7095 | D:8      | Noticed Grum
  7106 | D:8      | Killed Grum
  7106 | D:8      | Reached ***** piety under Trog
  7688 | D:8      | Noticed Pikel
  7698 | D:8      | Killed Pikel
  8156 | D:8      | Killed Maggie
  8253 | D:9      | Found Ythraem's Overcharged Wands.
  8300 | D:9      | Reached skill level 15 in Axes
  8304 | D:9      | Received a gift from Trog
  8634 | D:9      | Found a sacrificial altar of Ru.
  8634 | D:9      | Found a bloodstained altar of Trog.
  8945 | D:9      | Found a staircase to the Lair.
  9002 | D:9      | Found a glowing golden altar of the Shining One.
  9175 | D:10     | Entered Level 10 of the Dungeon
  9523 | D:10     | Noticed a centaur warrior
  9529 | D:10     | Killed a centaur warrior
  9530 | D:10     | Reached skill level 4 in Fighting
  9530 | D:10     | Reached XP level 11. HP: 85/85 MP: 3/10
  9685 | D:10     | Found a staircase to the Orcish Mines.
  9777 | D:10     | Found a runed translucent gate.
  9777 | D:10     | Found a runed translucent gate.
  9778 | D:10     | Found a runed translucent gate.
  9781 | D:10     | Noticed Zero0's ghost (novice HOFi)
  9790 | D:10     | Reached skill level 5 in Fighting
  9797 | D:10     | Killed Zero0's ghost
  9803 | D:10     | Reached skill level 6 in Fighting
  9803 | D:10     | Reached skill level 5 in Armour
 10043 | D:10     | Noticed an obsidian statue
 10051 | D:10     | Identified the +6 flail of Courage {freeze, rPois rF+ Will+
                  | Int+3}
 10056 | D:10     | Killed an obsidian statue
 10057 | D:10     | Reached skill level 7 in Fighting
 10306 | D:10     | Noticed Erica
 10314 | D:10     | Killed Erica
 10315 | D:10     | Reached skill level 8 in Fighting
 10637 | Orc:1    | Entered Level 1 of the Orcish Mines
 10637 | Orc:1    | You fall into a shaft and drop 1 floor!
 10637 | Orc:2    | Entered Level 2 of the Orcish Mines
 10637 | Orc:2    | Noticed an orc high priest
 10637 | Orc:2    | Noticed an orc sorcerer
 10637 | Orc:2    | Noticed an orc knight
 10637 | Orc:2    | Noticed an orc sorcerer
 10637 | Orc:2    | Noticed an orc warlord
 10637 | Orc:2    | Noticed an orc knight
 10637 | Orc:2    | Noticed an orc knight
 10637 | Orc:2    | Noticed an orc high priest
 10637 | Orc:2    | Noticed an orc sorcerer
 11096 | Orc:2    | Noticed an orc sorcerer
 11106 | Orc:2    | Killed an orc sorcerer
 11107 | Orc:2    | Reached skill level 9 in Fighting
 11279 | Orc:2    | Found a staircase to the Elven Halls.
 11447 | Orc:2    | Gained mutation: Your magical capacity is low. (-10% MP) [a
                  | neqoxec]
 11448 | Orc:2    | Gained mutation: You are occasionally teleported next to
                  | monsters. [a neqoxec]
 11453 | Orc:1    | Noticed Urug
 11464 | Orc:1    | Killed Urug
 11487 | Orc:1    | Reached skill level 10 in Fighting
 12128 | Orc:2    | Noticed an orc knight
 12185 | D:11     | Noticed a two-headed ogre
 12190 | D:11     | Killed a two-headed ogre
 12191 | D:11     | Reached XP level 12. HP: 92/108 MP: 3/9
 12236 | D:11     | Reached skill level 11 in Fighting
 12377 | D:11     | Noticed a four-headed hydra
 12388 | D:11     | Killed a four-headed hydra
 12994 | D:11     | Noticed a two-headed ogre
 12998 | D:11     | Killed a two-headed ogre
 12999 | D:11     | Reached skill level 12 in Fighting
 13117 | D:11     | Found Kyumet's Magic Scroll Shoppe.
 13125 | D:11     | Bought a scroll of identify for 32 gold pieces
 13125 | D:11     | Bought a scroll of teleportation for 48 gold pieces
 13125 | D:11     | Bought a scroll of identify for 32 gold pieces
 13125 | D:11     | Bought a scroll of identify for 32 gold pieces
 13440 | D:12     | Found Axao's Jewellery Emporium.
 13489 | D:12     | Reached skill level 13 in Fighting
 13502 | D:12     | Found a gate leading to a gauntlet.
 13511 | Gauntlet | Entered a Gauntlet
 13511 | Gauntlet | Found a transporter.
 13613 | Gauntlet | Found a transporter.
 13629 | Gauntlet | Found a transporter.
 13634 | Gauntlet | Found a transporter.
 13636 | Gauntlet | Noticed a catoblepas
 13654 | Gauntlet | Found a transporter.
 13668 | Gauntlet | Found a transporter.
 13683 | Gauntlet | Found a transporter.
 13685 | Gauntlet | Noticed a hell hog
 13692 | Gauntlet | Found a transporter.
 13700 | Gauntlet | Noticed a quicksilver ooze
 13700 | Gauntlet | Noticed a dire elephant
 13704 | Gauntlet | Found a transporter.
 13712 | Gauntlet | Noticed a hell hog
 13716 | Gauntlet | Found a transporter.
 13722 | Gauntlet | Found a transporter.
 13742 | Gauntlet | Found a transporter.
 13762 | Gauntlet | Found a transporter.
 13780 | Gauntlet | Noticed a catoblepas
 13789 | Gauntlet | Found a transporter.
 13809 | Gauntlet | Found a transporter.
 13889 | Gauntlet | Found a transporter.
 13911 | Gauntlet | Found a transporter.
 14014 | Gauntlet | Found a transporter.
 14045 | Gauntlet | Identified the +5 dire flail of the New World {flame, rElec
                  | Will+}
 14513 | Gauntlet | Identified the ring "Orem" {rN+ AC+4}
 14518 | Gauntlet | Identified the +5 flail of Immorality {flame, Str+5}
 14581 | Gauntlet | Noticed a minotaur
 14588 | Gauntlet | Killed a minotaur
 14589 | Gauntlet | Reached skill level 14 in Fighting
 14589 | Gauntlet | Reached skill level 10 in Armour
 15421 | D:13     | Reached XP level 13. HP: 125/125 MP: 3/10
 15715 | D:13     | Reached skill level 15 in Fighting
 16593 | D:13     | Found Fukliugek's General Store.
 16596 | D:13     | Bought a potion of heal wounds for 75 gold pieces
 16596 | D:13     | Bought a scroll of enchant armour for 112 gold pieces
 16596 | D:13     | Bought a scroll of identify for 30 gold pieces
 17348 | D:14     | Lost mutation: Your magical capacity is low. (-10% MP)
                  | [potion of mutation]
 17348 | D:14     | Lost mutation: You are occasionally teleported next to
                  | monsters. [potion of mutation]
 17348 | D:14     | Gained mutation: You are robust. (+10% HP) [potion of
                  | mutation]
 17348 | D:14     | Gained mutation: You are weak. (Str -2) [potion of
                  | mutation]
 17578 | D:14     | Noticed Jorgrun
 17599 | D:14     | Killed Jorgrun
 17674 | D:14     | Reached skill level 16 in Fighting
 17903 | D:14     | Paralysed by a hornet for 2 turns
 17990 | D:14     | Noticed an ettin
 17998 | D:14     | Killed an ettin
 18167 | D:14     | Found a gate to the Vaults.
 18994 | D:15     | Entered Level 15 of the Dungeon
 18994 | D:15     | Noticed Azrael
 19077 | D:15     | Noticed Josephine
 19087 | D:15     | Killed Josephine
 19346 | D:15     | Reached skill level 17 in Fighting
 19742 | D:15     | Killed Azrael
 19748 | D:15     | Reached XP level 14. HP: 154/154 MP: 4/13
 21068 | D:15     | Reached skill level 18 in Fighting
 21628 | D:15     | Found a staircase to the Depths.
 21956 | Orc:2    | Found Ryipue's Armour Shop.
 22777 | Orc:1    | HP: 7/158 [orc warlord/+1 long sword of electrocution (29)]
 22777 | Orc:1    | Slain by an orc warlord

Illustrated notes

Levels and vault maps discovered:
D:1:      wander_arrival_abandoned_jail, layout_basic, serial_shops, shop,
          shop_fountains, nicolae_diamond_shop
D:2:      layout_loops_ring, basic_altar, ebering_ecumenical_altar_abandoned
D:3:      layout_basic, gup_sewer_entry_bowl, chequers_serial_rivers_micro_a,
          chequers_serial_rivers_micro_d, uniq_natasha
D:4:      layout_cave_pods, nicolae_shop_unique_rings
D:5:      minmay_chambers_of_threes, layout_gridville, grunt_gozag_statues,
          chequers_temple_overflow_statue_of_worship, serial_co_window_serial,
          co_window_paths_b, co_window_of_opportunity_a, co_window_paths_a,
          co_window_corner_a, co_window_of_opportunity_a,
          co_window_of_opportunity_a, co_window_corner_a, co_window_broadway_a,
          co_window_2corner, co_window_corner_ca, co_window_corner_b,
          co_window_unsneaky_path_c, co_window_of_opportunity_b,
          glass_columns_b, glass_columns_a
D:6:      layout_basic, minmay_temple_entry_glassed_door
D:7:      layout_rooms
D:8:      layout_basic, uniq_maggie, uniq_pikel, uniq_grum, uniq_prince_ribbit1
D:9:      layout_rooms, tso_metal_star, gammafunk_temple_overflow_elements,
          grunt_lair_entry_orc_guard_hut, st_stairs_3,
          nicolae_shop_overcharged_wands
D:10:     minmay_statue_hallways, layout_basic, hiddenorc2_lemuel,
          gammafunk_ghost_necromancy, blue_anna_alchemist, uniq_erica
D:11:     layout_basic, serial_shops, shop, hangedman_misty_isle
D:12:     layout_big_octagon, serial_shops, kennysheep_mini,
          gauntlet_entry_generic
D:13:     layout_basic, serial_shops, kennysheep_mini_moat
D:14:     layout_stronghold, david_vaults_4, serial_park_gazebo
          [serial_park_minivault_5x5_6], uniq_jorgrun
D:15:     gammafunk_enter_depths_forms, layout_loops_corners,
          skrybe_limestone_x, uniq_azrael, uniq_josephine
Orc:1:    layout_caves, uniq_urug
Orc:2:    st_orc_congregation, layout_caves, serial_shops,
          nicolae_shop_statue_plus, guppyfry_library_mini

Skill      XL: |  1  2  3  4  5  6  7  8  9 10 11 12 13 14 |
---------------+-------------------------------------------+-----
Axes           | 4 5 6 7 12 16 | 16.0
Stealth        | 1 |  1.5
Maces & Flails | 1 5 8 9 |  9.3
Staves         | 7 |  7.3
Fighting       | 4 10 14 17 18 | 18.5
Armour         | 3 7 10 13 14 | 14.4
Dodging        | |  2.4
Evocations     | |  0.2

Action                   |  1- 3 |  4- 6 |  7- 9 | 10-12 | 13-15 || total
-------------------------+-------+-------+-------+-------+-------++-------
Melee: Hand axe          |    51 |    58 |       |       |       ||   109
       Headbutt          |     5 |    11 |    38 |    95 |    80 ||   229
       Punch             |     1 |     1 |     5 |       |       ||     7
       Flail             |       |    50 |   196 |   115 |       ||   361
       Lajatang          |       |       |    15 |       |       ||    15
       Dire flail        |       |       |       |   436 |   418 ||   854
Throw: Dart              |       |       |       |     1 |     7 ||     8
Invok: Berserk           |     1 |     1 |     7 |    20 |    14 ||    43
       Trog's Hand       |     1 |     1 |     5 |    23 |    13 ||    43
       Brothers in Arms  |       |       |       |     5 |     1 ||     6
  Use: Scroll            |       |       |     4 |    18 |    11 ||    33
       Potion            |       |       |       |     5 |     4 ||     9
Armor: Animal skin       |    11 |       |       |       |       ||    11
       Chain mail        |     2 |    76 |    20 |       |       ||    98
       Ring mail         |       |       |    93 |    40 |       ||   133
       Plate armour      |       |       |       |   192 |   267 ||   459
Dodge: Dodged            |    40 |    35 |   159 |   289 |   107 ||   630
Block: Buckler           |       |       |     4 |    13 |       ||    17

Table legend: (Time is in decaauts)
 A = Elapsed time spent in this place.
 B = Non-inter-level travel time spent in this place.
 C = Inter-level travel time spent in this place.
 D = Time resting spent in this place.
 E = Time spent auto-exploring this place.
 F = Levels seen in this place.
 G = Mean time per level.
                   A        B        C        D        E       F      G
               +--------+--------+--------+--------+--------+-----+--------+
         Total |  22811 |  22218 |    593 |   7771 |  10952 |  19 | 1200.6 |
       Dungeon |  19089 |  18514 |    575 |   6072 |   9954 |  15 | 1272.6 |
  Orcish Mines |   2221 |   2203 |     18 |   1038 |    551 |   2 | 1110.5 |
         Sewer |    295 |    295 |      0 |    152 |     95 |   1 |  295.0 |
      Gauntlet |   1204 |   1204 |      0 |    509 |    352 |   1 | 1204.0 |
               +--------+--------+--------+--------+--------+-----+--------+

Top non-repeatable levels by time:
    D:15: 2665 daAuts
    D:14: 1983 daAuts
   Orc:2: 1815 daAuts
    D:13: 1743 daAuts
    D:10: 1733 daAuts
     D:5: 1617 daAuts
     D:8: 1313 daAuts
    D:11: 1208 daAuts
Gauntlet: 1204 daAuts
     D:4: 1165 daAuts
     D:3: 1102 daAuts
     D:9: 956 daAuts
     D:7: 873 daAuts
     D:1: 869 daAuts
    D:12: 814 daAuts
